 Dungeon Crawl Stone Soup version 0.31-a0-1591-g515db51633 (webtiles) character file.

Game seed: 5113241205343864918

1532746 Solx the Acrobat (level 25, 107/135 HPs)
             Began as a Spriggan Enchanter on Jan 6, 2024.
             Was the Champion of Dithmenos.
             Escaped with the Orb
             ... and 3 runes on Jan 7, 2024!
             The game lasted 06:01:27 (81304 turns).

Solx the Acrobat (Spriggan Enchanter)              Turns: 81304, Time: 06:01:28

Health: 107/135    AC: 19    Str:  9    XL:     25   Next: 93%
Magic:  45/45      EV: 43    Int: 29    God:    Dithmenos [******]
Gold:   5765       SH:  0    Dex: 27    Spells: 5/58 levels left

rFire   + . .        s - +8 rapier (speed)
rCold   + . .        o - orb {guile}
rNeg    . . .        a - +6 faerie dragon scales {rElec rPois rC+ rCorr Int+2}
rPois   +            D - +2 hat
rElec   +            t - scarf {repulsion}
rCorr   +            (gloves unavailable)
SInv    +            (boots unavailable)
Will    ++...        T - amulet "Foxieqip" {Acrobat rF+ Str+3 Int+2}
Stlth   +++          m - +6 ring of intelligence
HPRegen 0.42/turn    C - ring of Jealousy {AC+4 Dex+4}
MPRegen 0.29/turn

%: repel missiles, acrobat
@: wreathed by umbra, studying Invocations, very quick
A: very small, no large weapons, unfitting armour, see invisible, speed 3,
mutation resistance 1
0: Orb of Zot
}: 3/15 runes: barnacled, silver, gossamer
a: Renounce Religion, Shadow Step, Shadow Form


You escaped.
You worshipped Dithmenos.
Dithmenos was exalted by your worship.
You visited 10 branches of the dungeon, and saw 48 of its levels.
You visited 1 bazaar.
You also visited: Ossuary, Gauntlet and Ice Cave.

You collected 7940 gold pieces.
You spent 2175 gold pieces at shops.

Inventory:

Hand Weapons
 b - a +7 heavy rapier
 s - a +8 rapier of speed (weapon)
Armour
 a - the +6 faerie dragon scales (worn) {rElec rPois rC+ rCorr Int+2}
   (You took it off the Enchantress on level 1 of the Depths)

   Int+2:     It affects your intelligence (+2).
   rC+:       It protects you from cold.
   rElec:     It insulates you from electricity.
   rPois:     It protects you from poison rCorr: It protects you from acid and
   corrosion.
 o - an orb of guile (worn)
 t - a scarf of repulsion (worn)
 D - a +2 hat (worn)
Jewellery
 d - the ring of Cowardice {*Slow Will++ Str+6}
   (You took it off a spriggan on level 3 of the Depths)

   [ring of strength]

   Str+6:     It affects your strength (+6).
   Will++:    It greatly increases your willpower.
   *Slow:     It may slow you when you take damage.
 m - a +6 ring of intelligence (left hand)
 q - the ring "Wiyl" {Fly Int+6}
   (You took it off a deep elf annihilator on level 3 of the Elven Halls)

   [ring of flight]

   Int+6:     It affects your intelligence (+6).
   Fly:       It grants you flight.
 r - a ring of willpower
 C - the ring of Jealousy (right hand) {AC+4 Dex+4}
   (You found it on level 5 of the Vaults)

   [ring of protection]

   AC+4:      It affects your AC (+4).
   Dex+4:     It affects your dexterity (+4).
 E - the amulet "Rubigoogof" {Reflect rCorr SH+5 SInv Stlth+}
   (You found it on level 3 of the Vaults)

   [amulet of reflection]

   Reflect:   It reflects blocked missile attacks.
   SInv:      It lets you see invisible.
   rCorr:     It protects you from acid and corrosion.
   SH+5:      It affects your SH (+5).
   Stlth+:    It makes you more stealthy.
 H - a ring of protection from cold
 I - the amulet of Wuofiadgh {Spirit rElec rPois Dex+4 Slay+2}
   (You found it in an ice cave)

   [amulet of guardian spirit]

   Spirit:    It causes incoming damage to be divided between your reserves of
   health and magic.
   Dex+4:     It affects your dexterity (+4).
   Slay+2:    It affects your accuracy & damage with ranged weapons and melee
   (+2).
   rElec:     It insulates you from electricity.
   rPois:     It protects you from poison
 T - the amulet "Foxieqip" (around neck) {Acrobat rF+ Str+3 Int+2}
   (You took it off an ironbound thunderhulk on level 3 of the Depths)

   [amulet of the acrobat]

   Acrobat:   It increases your evasion while moving and waiting.
   Str+3:     It affects your strength (+3).
   Int+2:     It affects your intelligence (+2).
   rF+:       It protects you from fire.
Wands
 J - a wand of paralysis (38)
 N - a wand of flame (115)
 P - a wand of quicksilver (21)
 V - a wand of polymorph (22)
 W - a wand of roots (21)
 Y - a wand of mindburst (50)
 Z - a wand of digging (28)
Scrolls
 e - 21 scrolls of teleportation
 f - 10 scrolls of enchant armour
 n - a scroll of brand weapon
 u - 5 scrolls of butterflies
 v - 6 scrolls of noise
 w - 8 scrolls of vulnerability
 y - 6 scrolls of blinking
 K - 2 scrolls of revelation
 O - a scroll of silence
 U - 9 scrolls of fear
Potions
 c - 3 potions of invisibility
 g - 9 potions of ambrosia
 j - 7 potions of attraction
 k - 6 potions of might
 l - 8 potions of brilliance
 p - 8 potions of haste
 x - 24 potions of curing
 z - 2 potions of magic
 A - 4 potions of heal wounds
 B - 9 potions of enlightenment
 F - 8 potions of berserk rage
 G - 10 potions of lignification
 M - 2 potions of cancellation
 R - 3 potions of resistance
 X - 3 potions of mutation
Miscellaneous
 h - a lightning rod (3/4)
 i - a box of beasts (inert)
 L - a phial of floods
 Q - a condenser vane
 S - a phantom mirror


   Skills:
 - Level 15.1 Fighting
 - Level 18.0 Short Blades
 - Level 6.0 Armour
 - Level 24.0 Dodging
 - Level 8.2 Stealth
 - Level 6.0 Shields
 - Level 17.4 Spellcasting
 - Level 22.0 Hexes
 - Level 14.0 Necromancy
 - Level 4.0 Translocations
 - Level 11.4 Air Magic
 - Level 14.0 Alchemy
 * Level 10.5 Invocations
 * Level 19.2 Evocations


You had 5 spell levels left.
You knew the following spells:

 Your Spells              Type           Power      Damage    Failure   Level
a - Confusing Touch       Hex            100%       N/A       0%          3
b - Tukima's Dance        Hex            100%       N/A       0%          3
c - Ensorcelled Hibernat  Hex/Ice        100%       N/A       1%          2
d - Blink                 Tloc           96%        N/A       1%          2
e - Olgreb's Toxic Radia  Alch           82%        N/A       1%          4
f - Apportation           Tloc           96%        N/A       1%          1
g - Yara's Violent Unrav  Hex/Alch       46%        3d18      1%          5
h - Silence               Hex/Air        44%        N/A       1%          5
i - Eringya's Noxious Bo  Alch           41%        4d6       1%          6
j - Discord               Hex            50%        N/A       2%          8
k - Petrify               Alch/Erth      60%        N/A       1%          4
l - Anguish               Hex/Necr       46%        N/A       0%          4
m - Dispel Undead         Necr           82%        3d27      1%          4
n - Lesser Beckoning      Tloc           96%        N/A       1%          2

Your spell library contained the following spells:

 Spells                   Type           Power      Damage    Failure   Level
 Necrotise                Necr           100%       1d9       0%          1
 Sigil of Binding         Hex            100%       N/A       0%          3
 Cause Fear               Hex            50%        N/A       0%          4
 Kiss of Death            Conj/Necr      100%       2d13      1%          1
 Sting                    Conj/Alch      100%       1d9       1%          1
 Cigotuvi's Dreadful Rot  Necr/Alch/Air  100%       N/A       1%          2
 Mercury Vapours          Alch/Air       100%       N/A       1%          2
 Momentum Strike          Conj/Tloc      72%        3d10      1%          2
 Dazzling Flash           Conj/Hex       100%       N/A       1%          3
 Inner Flame              Hex/Fire       73%        N/A       1%          3
 Mephitic Cloud           Conj/Alch/Air  65%        N/A       1%          3
 Airstrike                Air            37%        2d(6-22)  1%          4
 Animate Dead             Necr           82%        N/A       1%          4
 Fulminant Prism          Conj/Alch      30%        3d15      1%          4
 Leda's Liquefaction      Alch/Erth      30%        N/A       1%          4
 Martyr's Knell           Necr/Summ      60%        N/A       1%          4
 Sticky Flame             Fire/Alch      60%        2d10      1%          4
 Metabolic Englaciation   Hex/Ice        36%        N/A       1%          5
 Summon Mana Viper        Hex/Summ       73%        N/A       1%          5
 Foxfire                  Conj/Fire      100%       2x1d9     2%          1
 Magic Dart               Conj           100%       1d8       2%          1
 Summon Small Mammal      Summ           100%       N/A       2%          1
 Summon Lightning Spire   Summ/Air       55%        N/A       2%          4
 Volatile Blastmotes      Fire/Tloc      72%        2d16      3%          3
 Scorch                   Fire           50%        2d7       4%          2
 Searing Ray              Conj           50%        2d6       4%          2
 Manifold Assault         Tloc           48%        N/A       5%          4
 Passage of Golubria      Tloc           48%        N/A       5%          4
 Frozen Ramparts          Ice            50%        1d8       9%          3
 Hailstorm                Conj/Ice       25%        3d7       9%          3
 Stone Arrow              Conj/Erth      50%        3d10      9%          3
 Summon Ice Beast         Ice/Summ       25%        N/A       9%          3
 Iskenderun's Mystic Bla  Conj/Tloc      36%        2d9       12%         4
 Freezing Cloud           Conj/Ice/Air   23%        6-21      16%         5
 Animate Armour           Summ/Erth      50%        N/A       26%         4
 Brom's Barrelling Bould  Conj/Erth      25%        2d5       26%         4
 Flame Wave               Conj/Fire      25%        2d8       26%         4
 Summon Blazeheart Golem  Fire/Summ      25%        N/A       26%         4
 Summon Forest            Summ/Tloc      18%        N/A       32%         5
 Fireball                 Conj/Fire      12%        3d7       58%         5
 Iskenderun's Battlesphe  Conj           25%        2d8       58%         5
 Death Channel            Necr           41%        N/A       1%          6
 Sculpt Simulacrum        Ice/Alch       30%        N/A       24%         6
 Conjure Ball Lightning   Conj/Air       27%        3x3d8     36%         6
 Plasma Beam              Fire/Air       27%        2x1d40    36%         6
 Borgnjor's Revivificati  Necr           41%        N/A       50%         8
 Dispersal                Tloc           24%        N/A       63%         6
 Haunt                    Necr/Summ      30%        N/A       78%         7
 Maxwell's Capacitive Co  Air            37%        ∞         86%         8
 Starburst                Conj/Fire      12%        6d5       99%         6
 Summon Cactus Giant      Summ           12%        N/A       99%         6
 Malign Gateway           Summ/Tloc      18%        N/A       100%        7
 Monstrous Menagerie      Summ           12%        N/A       100%        7
 Orb of Destruction       Conj           12%        9d7       100%        7
 Ozocubu's Refrigeration  Ice            12%        4d10      100%        7
 Spellforged Servitor     Conj/Summ      12%        N/A       100%        7
 Summon Hydra             Summ           12%        N/A       100%        7
 Disjunction              Tloc           24%        N/A       100%        8
 Ignition                 Fire           12%        3d6       100%        8
 Lehudib's Crystal Spear  Conj/Erth      12%        10d4      100%        8
 Death's Door             Necr           41%        N/A       100%        9
 Dragon's Call            Summ           12%        N/A       100%        9


Dungeon Overview and Level Annotations

Branches:
Dungeon (15/15)            Temple (1/1) D:6            Lair (5/5) D:8
 Shoals (4/4) Lair:3       Spider (4/4) Lair:3        Slime (0/5) Lair:5
    Orc (2/2) D:12            Elf (3/3) Orc:2        Vaults (5/5) D:13
  Crypt (0/3) Vaults:2     Depths (4/4) D:15            Zot (5/5) Depths:4
Ossuary (visited)           IceCv (visited)         Gauntlet (visited)

Altars:
Ashenzari
Cheibriados
Dithmenos
Elyvilon
Fedhas
Gozag
Hepliaklqana
Kikubaaqudgha
Makhleb
Nemelex Xobeh
Okawaru
Qazlal
Ru
Sif Muna
Trog
Uskayaw
Vehumet
Wu Jian
Xom
Yredelemnul
Zin
The Shining One
Lugonu

Shops:
D:14 :   Orc:1 [!   Orc:2 ([*((   Elf:2 ?   Shoals:4 *   Vaults:1 [

Portals:
Hell: Depths:1 Depths:2 Depths:3 Depths:4
Abyss: Shoals:4 Depths:3 Depths:4
Pandemonium: Depths:2 Depths:3
Ziggurat: Depths:3

Annotations:
D:4 1 runed translucent door, Flugkiller's ghost, amateur OnCK
D:8 exclusion: skeletal warrior
D:9 2 transporters
D:10 3 runed translucent doors, Pim's ghost, journeyman HuSu
D:15 Roxanne
Shoals:4 3 runed translucent doors, Konar's ghost, adept VSFi
Elf:2 3 runed translucent doors, exclusion: downstairs
Vaults:3 2 runed translucent doors, Adap Gie's ghost, adept NaWn
Depths:1 1 runed translucent door
Depths:2 1 transporter
Depths:4 3 runed translucent doors, Deaqeck's ghost, veteran DgCj; Ohifu Siggabb's ghost, veteran MfIE; Tixis's ghost, veteran DEEE; Zacsag's ghost, veteran DgCj
Zot:1 2 transporters, exclusions: downstairs and orange crystal statue


Innate Abilities, Weirdness & Mutations

You are very small and have problems with some larger weapons.
You are too small for most types of armour.
You have supernaturally acute eyesight. (SInv)
You cover ground extremely quickly. (Speed+++)
You are somewhat resistant to further mutation.


Message History

Your shadow barely misses the Ice Fiend.
You puncture the Ice Fiend!
The Ice Fiend is severely wounded.
The Ice Fiend completely misses you. x2
You barely miss the Ice Fiend.
The Ice Fiend is severely wounded.
Your shadow hits the Ice Fiend but does no damage.
You hit the Ice Fiend but do no damage.
The Ice Fiend is severely wounded.
You hit the Ice Fiend but do no damage.
The Ice Fiend is severely wounded.
The Ice Fiend completely misses you. The Ice Fiend misses you.
You hit the Ice Fiend but do no damage.
The Ice Fiend is severely wounded.
You hit the Ice Fiend but do no damage.
The Ice Fiend is severely wounded.
Your shadow hits the Ice Fiend with a rapier.
You puncture the Ice Fiend!
The Ice Fiend is severely wounded.
You hit the Ice Fiend.
The Ice Fiend is almost dead.
Your shadow hits the Ice Fiend with a rapier.
The Ice Fiend gestures at you. The bolt of cold hits you!! You resist.
You hit the Ice Fiend.
The Ice Fiend is almost dead.
Your shadow hits the Ice Fiend with a rapier.
You hit the Ice Fiend but do no damage.
The Ice Fiend is almost dead.
You hit the Ice Fiend.
The Ice Fiend is almost dead.
Your shadow completely misses the Ice Fiend.
The Ice Fiend completely misses you. x2
You puncture the Ice Fiend!
You kill the Ice Fiend!
Dithmenos accepts your kill.
A hell beast comes into view.
There is an abandoned shop here.
There is a staircase leading out of the dungeon here.
You have escaped!

.................................
.................................
................................#
.....♣........................∩..
.♣...............................
....∩......................∩..♣..
......♣..∩....♣...♣.....∩...§...#
#~§§.§§.§............∩......§~~##
###§§§§~.§.∩.♣..@......§..~§§§##
###§§~§~..........§.§§§§§§§##
##~§§§~~~.§....§~§§§§§§§##
#≈§§~~~§~~§§§~§§§§§~≈≈≈#
##≈≈≈≈≈§~~~~§~~~§§≈≈≈≈≈#
##≈≈≈≈≈≈§≈≈≈≈≈§≈≈≈≈≈≈##
#######################


There were no monsters in sight!

Vanquished Creatures
  Frederick (Vaults:4)
  2 ancient liches
  2 dread liches (Zot:5)
  An orb of fire (Zot:5)
  Mara (Shoals:3)
  Bai Suzhen (Depths:1)
  3 curse toes
  9 golden dragons
  Arachne (Spider:3)
  Nikola (Vaults:2)
  3 electric golems (Zot:5)
  Mlioglotl (Spider:4)
  2 hellephants (Depths:3)
  15 tentacled monstrosities
  Zenata (Elf:3)
  An Ice Fiend (D:1)
  12 Orb Guardians
  A titan (Depths:3)
  Jorgrun (Shoals:1)
  A lich (Vaults:5)
  2 deep elf blademasters (Elf:3)
  5 quicksilver dragons
  Polyphemus (Shoals:3)
  4 death cobs
  A kraken (Shoals:3)
  Frances (Spider:1)
  8 storm dragons
  2 tengu reavers (Vaults:5)
  Agnes (Spider:3)
  4 shadow dragons
  A protean progenitor (Zot:5)
  Ilsuiw (Shoals:3)
  6 fire giants
  4 draconian knights
  5 draconian shifters
  A draconian scorcher (Zot:2)
  A frost giant (Vaults:5)
  5 draconian monks
  9 vault wardens
  4 deep elf sorcerers
  3 emperor scorpions
  2 deep elf elementalists (Elf:3)
  A juggernaut zombie (Depths:1)
  3 iron dragons
  6 ghost moths
  5 draconian stormcallers
  2 quicksilver oozes (Zot:5)
  A reaper (Depths:2)
  An orc warlord (Vaults:4)
  3 spriggan defenders
  8 ironbound preservers
  2 stone giants
  A very ugly thing (Vaults:5)
  4 formless jellyfish
  7 broodmothers
  3 vampire knights
  5 deep elf death magi
  8 ironbound thunderhulks
  4 green draconians
  4 deep elf annihilators
  Nessos (D:12)
  Azrael (D:12)
  8 purple draconians
  3 black draconians
  9 white draconians
  2 war gargoyles (Vaults:4)
  A minotaur (Gauntlet)
  2 dire elephants
  A yellow draconian (Zot:1)
  6 spark wasps
  6 red draconians
  3 ettins
  A blizzard demon (Depths:3)
  5 merfolk impalers
  A crystal guardian (Vaults:3)
  Josephine (D:11)
  A jiangshi (Vaults:2)
  2 merfolk javelineers
  3 fire dragons
  2 entropy weavers (Spider:2)
  An entropy weaver (shapeshifter) (Elf:1)
  9 yaktaur captains
  8 deep elf high priests
  Fannar (Orc:1)
  2 ice dragons
  7 hydras
  3 spriggan air magi
  4 merfolk avatars
  An ogre mage (Vaults:3)
  4 centaur warriors
  7 vault guards
  7 ironbound frosthearts
  A sphinx zombie (Depths:1)
  A jorogumo (Spider:4)
  8 catoblepae
  3 alligator snapping turtles
  10 radroaches
  11 boulder beetles
  A merfolk aquamancer (Shoals:4)
  3 tengu warriors
  A two-headed ogre (shapeshifter) (Depths:1)
  A deep troll earth mage (Depths:1)
  2 occultists (Depths:3)
  3 orc high priests (Orc:2)
  5 spriggan berserkers
  4 demonic crawlers
  A vampire mage (Depths:2)
  16 death yaks
  2 spriggans (Depths:3)
  3 hell knights (Depths:3)
  8 deep elf knights
  2 shock serpents (Depths:3)
  An iron troll (Depths:1)
  A fire crab (shapeshifter) (D:15)
  A shadow wraith (Vaults:5)
  7 pharaoh ants
  6 skysharks
  10 sea snakes
  A salamander mystic (Depths:2)
  Amaemon (Lair:3)
  2 skeletal warriors
  14 deep trolls
  A mana viper (Zot:3)
  A golden dragon zombie (Depths:2)
  13 orb spiders
  3 glowing orange brains
  6 sun moths
  An arcanist (D:13)
  13 ironbound convokers
  2 steelbarb worms
  A steelbarb worm (shapeshifter) (Vaults:5)
  9 deep elf archers
  8 deep elf pyromancers
  A necromancer (Depths:2)
  22 harpies
  7 orc knights
  An orange crystal statue (IceCv)
  3 phantasmal warriors
  14 deep elf zephyrmancers
  7 large abominations (Depths:4)
  12 lindwurms
  20 wolf spiders
  3 orc sorcerers (Orc:2)
  Maurice (D:11)
  10 fauns
  21 ugly things
  12 dancing weapons
  3 cyclopes
  A salamander (Lair:3)
  12 elephants
  19 manticores
  5 kobold blastminers
  3 merfolk sirens (Shoals:1)
  18 moths of wrath
  7 meliai
  An eye of devastation (shapeshifter) (Vaults:5)
  An apocalypse crab (Shoals:4)
  7 black mambas
  3 water nymphs
  9 vault sentinels
  An orange demon (Lair:3)
  A molten gargoyle (Depths:3)
  3 storm dragon simulacra (IceCv)
  15 cane toads
  5 torpor snails
  A spark wasp simulacrum (Depths:1)
  10 yaktaurs
  7 komodo dragons
  3 rime drakes (Lair:4)
  2 unseen horrors
  4 tengu conjurers
  A freezing wraith (D:15)
  A queen bee (shapeshifter) (Elf:2)
  2 efreet (D:14)
  6 golden dragon simulacra
  5 trolls
  A merfolk (shapeshifter) (Vaults:5)
  18 merfolk
  9 polar bears
  3 red devils (Orc:1)
  An alligator simulacrum (Spider:3)
  6 wind drakes
  3 hornets
  35 tarantellas
  9 dream sheep
  12 blink frogs
  9 snapping turtles
  15 slime creatures
  27 culicivoras
  13 water elementals
  36 jumping spiders
  9 wraiths
  4 air elementals
  2 shadows
  55 yaks
  4 wyverns
  Grum (D:8)
  2 wargs (Orc:2)
  9 fire elementals
  8 basilisks
  60 redbacks
  A basilisk (shapeshifter) (D:15)
  4 steam dragons
  21 vampire mosquitoes
  A chaos spawn (Depths:4)
  2 minotaur simulacra (Spider:3)
  An acid dragon (D:13)
  A glowing shapeshifter zombie (Depths:2)
  3 harpy simulacra (Spider:3)
  11 water moccasins
  3 hell hounds (D:12)
  13 orc warriors
  3 laughing skulls (Gauntlet)
  8 ice dragon simulacra (IceCv)
  8 black bears (Lair:1)
  4 boggarts (D:15)
  3 ogres
  15 wolves
  5 centaurs
  A kobold brigand (D:6)
  A brain worm (shapeshifter) (Elf:1)
  A weeping skull (Gauntlet)
  A gnoll sergeant (D:10)
  12 bullfrogs
  An earth elemental (Elf:1)
  A deep troll simulacrum (Spider:3)
  2 small abominations (Depths:4)
  5 wights
  A burial acolyte (Ossuary)
  6 lindwurm simulacra
  28 killer bees
  7 electric eels
  A spectral centaur (D:8)
  3 howler monkeys (D:14)
  2 bombardier beetles
  16 orc priests
  5 jellies (Lair:5)
  9 hounds
  2 sleepcaps (D:6)
  A gnoll bouda (D:7)
  2 iguanas
  28 orc wizards
  2 hell rats (Lair:4)
  6 centaur simulacra
  A mummy (Ossuary)
  3 gnolls (D:10)
  7 adders
  11 river rats
  3 white imps
  2 ufetubi (D:12)
  3 dart slugs
  A ribbon worm (D:4)
  57 orcs
  8 endoplasms
  2 giant cockroaches
  13 goblins
  12 hobgoblins
  2 jackals (D:1)
  5 quokkas
  6 ball pythons
  A ball python skeleton (D:3)
  A ball python zombie (D:3)
  6 bats
  3 frilled lizards (D:1)
  A giant cockroach zombie (D:3)
  8 gnoll skeletons (Ossuary)
  2 goblin zombies (D:6)
  9 kobolds
  6 kobold skeletons (Ossuary)
  6 orc skeletons (Ossuary)
  A quokka skeleton (D:3)
  5 rats
1577 creatures vanquished.

Vanquished Creatures (collateral kills)
  An ancient lich (Zot:5)
  A Killer Klown (Zot:5)
  Saint Roka (Vaults:2)
  7 golden dragons
  the Enchantress (Depths:1)
  A hellephant (Depths:3)
  An electric golem (Zot:3)
  2 liches (Vaults:5)
  9 Orb Guardians (Zot:5)
  5 tentacled monstrosities
  2 quicksilver dragons (Zot:5)
  2 deep elf master archers
  6 titans
  3 sphinxes
  A death cob (Zot:5)
  2 shadow dragons
  4 storm dragons
  2 tengu reavers
  2 protean progenitors
  2 deep elf sorcerers
  5 draconian monks
  2 draconian knights (Zot:3)
  A draconian scorcher (Zot:3)
  8 vault wardens
  A balrug (Depths:2)
  5 draconian shifters
  A deep elf elementalist (Depths:3)
  14 ironbound preservers
  2 orc warlords (Vaults:1)
  5 very ugly things
  2 stone giants (Vaults:5)
  4 draconian stormcallers (Zot:3)
  3 draconian annihilators
  4 ironbound thunderhulks
  3 spriggan defenders
  7 deep elf demonologists
  A vampire knight (Depths:1)
  10 white draconians
  3 war gargoyles
  3 spark wasps
  2 deep elf annihilators (Elf:3)
  3 dire elephants (Vaults:4)
  4 deep elf death magi
  11 green draconians
  8 red draconians
  5 purple draconians
  10 black draconians
  8 yellow draconians
  2 blizzard demons (Depths:3)
  3 ettins
  2 entropy weavers
  5 merfolk impalers (Shoals:4)
  4 deep elf high priests (Elf:3)
  6 yaktaur captains
  18 vault guards
  2 peacekeepers
  11 spriggan air magi
  3 ogre magi
  2 dancing weapons
  A deep troll shaman (Depths:2)
  4 merfolk aquamancers
  A merfolk avatar (Shoals:4)
  A tengu warrior (Depths:4)
  2 satyrs (Shoals:4)
  A hell hog (Depths:3)
  3 death yaks (Shoals:3)
  3 deep troll earth magi
  4 orc high priests
  2 spriggan berserkers
  4 hell knights
  5 spriggans
  2 shock serpents (Depths:3)
  An occultist (Depths:3)
  2 deep elf knights (Elf:2)
  A soul eater (Vaults:2)
  3 iron trolls (Depths:2)
  2 sixfirhies (Depths:2)
  4 arcanists
  A quicksilver dragon simulacrum (Depths:1)
  A death drake (Zot:3)
  4 sea snakes
  46 deep trolls
  A flayed ghost (Depths:3)
  12 deep elf archers
  A mana viper (Zot:3)
  8 deep elf pyromancers
  14 ironbound convokers
  11 lindwurms
  A sun moth (Depths:3)
  A deep troll (shapeshifter) (Vaults:5)
  A lindwurm (shapeshifter) (Elf:3)
  15 orc knights
  An orange crystal statue (Zot:5)
  2 phantasmal warriors
  11 harpies
  3 orc sorcerers
  A manticore (Shoals:4)
  8 ugly things
  9 deep elf zephyrmancers
  8 moths of wrath
  2 cyclopes (Shoals:4)
  An iron dragon skeleton (Depths:2)
  4 salamanders (Depths:2)
  4 merfolk sirens
  An apocalypse crab (Shoals:4)
  2 meliai (shapeshifter) (Elf:1)
  5 vault sentinels
  A water nymph (Shoals:3)
  A kobold blastminer (Orc:2)
  A molten gargoyle (Depths:3)
  34 yaktaurs
  A freezing wraith (Vaults:5)
  4 tengu conjurers
  2 trolls
  16 merfolk
  4 hornets
  5 wind drakes
  3 dream sheep (Shoals:4)
  2 snapping turtles
  15 slime creatures
  A warg (Vaults:5)
  A hog (shapeshifter) (Elf:1)
  3 water elementals
  A fire elemental (Elf:3)
  A redback (Vaults:3)
  3 orc warriors
  A wight (D:8)
  2 orc priests
  2 orc wizards
  7 orcs
  An aspiring flesh (Zot:3)
585 creatures vanquished.

Vanquished Creatures (others)
  3 Killer Klowns (Zot:5)
  A deep elf blademaster (Elf:3)
  3 Orb Guardians (Zot:5)
  A sphinx (Vaults:4)
  A tengu reaver (Vaults:5)
  3 draconian monks (Zot:3)
  A storm dragon (Zot:5)
  3 shadow dragons
  2 fire giants
  2 frost giants
  3 draconian scorchers
  A deep elf sorcerer (Elf:3)
  A draconian knight (IceCv)
  2 vault wardens
  3 draconian shifters
  2 draconian annihilators (Zot:3)
  2 ironbound preservers
  2 deep elf elementalists
  A very ugly thing (Vaults:5)
  2 deep elf demonologists (Elf:3)
  3 stone giants
  2 ironbound thunderhulks
  3 deep elf death magi (Depths:3)
  A red draconian (Zot:3)
  2 black draconians
  5 purple draconians
  3 white draconians
  3 yellow draconians
  A deep elf annihilator (Elf:3)
  A yaktaur captain (Vaults:5)
  3 vault guards
  2 spriggan air magi
  A boulder beetle (Vaults:4)
  A deep troll shaman (Depths:1)
  9 deep trolls
  A glowing orange brain (Depths:1)
  A phantasmal warrior (Depths:1)
  An arcanist (Vaults:1)
  2 necromancers
  A lindwurm (Vaults:1)
  A deep elf zephyrmancer (Depths:3)
  2 ironbound convokers
  A steelbarb worm (Spider:4)
  2 ugly things
  A salamander (Depths:2)
  2 moths of wrath
  A large abomination (Depths:4)
  An unseen horror (Depths:4)
  5 yaktaurs
  A tengu conjurer (Depths:3)
  A wind drake (Zot:5)
  2 merfolk
  A dream sheep (Lair:2)
  A water elemental (Elf:3)
  2 dancing weapons
  A slime creature (Vaults:2)
  A spriggan (Depths:1)
  A centaur simulacrum (D:12)
  An air elemental (Elf:3)
  2 chaos spawn (Depths:4)
  A warg (Vaults:5)
  A redback (Spider:4)
  2 ice beasts (D:12)
  A small abomination (Depths:4)
  17 tentacles (Shoals:3)
137 creatures vanquished.

Grand Total: 2299 creatures vanquished

Notes
Turn   | Place    | Note
-------+----------+-------------------------------------------
     0 | D:1      | Solx the Spriggan Enchanter began the quest for the Orb.
     0 | D:1      | Reached XP level 1. HP: 9/9 MP: 5/5
    73 | D:1      | Found a faded altar of an unknown god.
   162 | D:1      | Reached XP level 2. HP: 13/13 MP: 6/6
   764 | D:2      | Reached XP level 3. HP: 13/17 MP: 8/8
  1088 | D:2      | Learned a level 3 spell: Confusing Touch
  1092 | D:2      | Learned a level 3 spell: Tukima's Dance
  1095 | D:2      | Learned a level 2 spell: Ensorcelled Hibernation
  1507 | D:3      | Reached XP level 4. HP: 21/21 MP: 10/10
  1559 | D:3      | Reached skill level 1 in Fighting
  1622 | D:3      | Found a blossoming altar of Fedhas.
  2265 | D:4      | Found a runed translucent door.
  2265 | D:4      | Noticed Flugkiller's ghost (amateur OnCK)
  2813 | D:4      | Reached skill level 1 in Translocations
  2813 | D:4      | Reached XP level 5. HP: 25/25 MP: 11/11
  3164 | D:5      | Entered Level 5 of the Dungeon
  3823 | D:5      | Reached XP level 6. HP: 26/30 MP: 13/13
  4087 | D:6      | Found a sand-covered staircase.
  4106 | Ossuary  | Entered an ossuary
  4423 | Ossuary  | Reached skill level 5 in Hexes
  4522 | D:6      | Learned a level 2 spell: Blink
  4572 | D:6      | Reached skill level 5 in Short Blades
  4572 | D:6      | Reached skill level 1 in Alchemy
  4572 | D:6      | Reached XP level 7. HP: 20/35 MP: 14/14
  5428 | D:6      | Found a staircase to the Ecumenical Temple.
  5916 | Temple   | Entered the Ecumenical Temple
  5995 | Temple   | Became a worshipper of Dithmenos the Shadowed
  6020 | D:7      | Noticed a wyvern
  6191 | D:7      | Reached XP level 8. HP: 36/39 MP: 8/15
  6217 | D:7      | Learned a level 4 spell: Olgreb's Toxic Radiance
  6673 | D:7      | Reached skill level 5 in Alchemy
  6976 | D:7      | Reached * piety under Dithmenos
  7271 | D:8      | Noticed a troll
  7473 | D:8      | Reached XP level 9. HP: 42/42 MP: 13/16
  7500 | D:8      | Killed a troll
  7534 | D:8      | Found a staircase to the Lair.
  7618 | D:8      | Noticed Grum
  7651 | D:8      | Killed Grum
  7851 | D:8      | Reached skill level 10 in Short Blades
  7949 | D:8      | Found a burning altar of Makhleb.
  7963 | D:8      | Found a sparkling altar of Nemelex Xobeh.
  8049 | D:8      | Noticed a skeletal warrior
  8062 | D:8      | Reached skill level 1 in Evocations
  8412 | D:8      | Reached XP level 10. HP: 43/49 MP: 6/17
  8650 | D:8      | Reached ** piety under Dithmenos
  8651 | D:8      | Reached skill level 5 in Evocations
  9372 | D:9      | Found a hide-covered altar of Uskayaw.
  9403 | D:9      | Reached skill level 3 in Dodging
  9476 | D:9      | Found a radiant altar of Vehumet.
  9523 | D:9      | Found a transporter.
  9526 | D:9      | Found a transporter.
  9527 | D:9      | Noticed a boulder beetle
 10208 | D:10     | Entered Level 10 of the Dungeon
 10222 | D:10     | Reached skill level 4 in Dodging
 10233 | D:10     | Reached *** piety under Dithmenos
 10461 | D:10     | Noticed Pim's ghost (journeyman HuSu)
 10480 | D:10     | Found a glowing silver altar of Zin.
 10742 | D:10     | Reached skill level 5 in Spellcasting
 10825 | D:10     | Found a runed translucent gate.
 10825 | D:10     | Found a runed translucent gate.
 10825 | D:10     | Found a runed translucent gate.
 11084 | D:9      | Reached skill level 1 in Shields
 11155 | D:9      | Reached skill level 5 in Dodging
 11570 | D:10     | Reached XP level 11. HP: 33/53 MP: 13/20
 12046 | D:11     | Reached skill level 10 in Alchemy
 12054 | D:11     | Reached skill level 6 in Dodging
 12293 | D:11     | Noticed Josephine
 12317 | D:11     | Killed Josephine
 12700 | D:11     | Noticed Maurice
 12712 | D:11     | Reached skill level 7 in Dodging
 12715 | D:11     | Killed Maurice
 12929 | D:11     | Noticed a green ugly thing
 12953 | D:11     | Killed a green ugly thing
 13335 | Lair:1   | Entered Level 1 of the Lair of Beasts
 13619 | Lair:1   | Reached skill level 8 in Dodging
 13754 | Lair:1   | Reached **** piety under Dithmenos
 13783 | Lair:1   | Learned a level 1 spell: Apportation
 14441 | Lair:1   | Reached XP level 12. HP: 58/58 MP: 25/25
 14500 | Lair:1   | Reached skill level 9 in Dodging
 15498 | Lair:2   | Noticed a boulder beetle
 15516 | Lair:2   | Killed a boulder beetle
 15533 | Lair:2   | Reached skill level 5 in Shields
 15700 | Lair:2   | Reached skill level 10 in Dodging
 15925 | Lair:2   | Reached skill level 1 in Invocations
 16044 | Lair:2   | Noticed a seven-headed hydra
 16073 | Lair:2   | Killed a seven-headed hydra
 16414 | Lair:2   | Learned a level 5 spell: Yara's Violent Unravelling
 16960 | Lair:3   | Noticed a five-headed hydra
 16984 | Lair:3   | Killed a five-headed hydra
 17254 | Lair:2   | Reached skill level 11 in Dodging
 17293 | Lair:3   | Noticed Amaemon
 17307 | Lair:3   | Reached skill level 5 in Fighting
 17510 | Lair:3   | Reached ***** piety under Dithmenos
 17880 | Lair:3   | Reached skill level 10 in Hexes
 18036 | Lair:3   | Found a staircase to the Shoals.
 18066 | Lair:3   | Reached XP level 13. HP: 63/63 MP: 9/27
 18625 | Lair:3   | Found a hole to the Spider Nest.
 18729 | Lair:3   | Killed Amaemon
 19189 | Lair:4   | Reached skill level 12 in Dodging
 19362 | Lair:4   | You fall into a shaft and drop 1 floor!
 19362 | Lair:5   | Entered Level 5 of the Lair of Beasts
 19636 | Lair:4   | Found a gate leading to a gauntlet.
 19654 | Gauntlet | Entered a Gauntlet
 19654 | Gauntlet | Found a transporter.
 19657 | Gauntlet | Noticed a blizzard demon
 19695 | Gauntlet | Found a runed translucent gate.
 19696 | Gauntlet | Found a transporter.
 19696 | Gauntlet | Found a runed translucent gate.
 19697 | Gauntlet | Found a transporter.
 19698 | Gauntlet | Found a transporter.
 19701 | Gauntlet | Found a transporter.
 19702 | Gauntlet | Found a transporter.
 19704 | Gauntlet | Noticed a reaper
 19704 | Gauntlet | Noticed a reaper
 19712 | Gauntlet | Found a runed translucent gate.
 19749 | Gauntlet | Found a transporter.
 19757 | Gauntlet | Found a runed translucent door.
 19759 | Gauntlet | Found a transporter.
 19770 | Gauntlet | Found a runed translucent door.
 19803 | Gauntlet | Found a transporter.
 19803 | Gauntlet | Found a transporter.
 19806 | Gauntlet | Found a transporter.
 19807 | Gauntlet | Noticed a dire elephant
 19844 | Gauntlet | Found a transporter.
 20015 | Gauntlet | Killed a dire elephant
 20279 | Gauntlet | Identified the +2 hat of Nufeif {+Blink rPois Will+ Slay-6}
 20309 | Gauntlet | Noticed a minotaur
 20355 | Gauntlet | Killed a minotaur
 20774 | Lair:4   | Reached skill level 5 in Stealth
 21333 | Lair:5   | Reached skill level 1 in Air Magic
 21345 | Lair:5   | Reached XP level 14. HP: 37/72 MP: 17/28
 21768 | Lair:4   | Reached ****** piety under Dithmenos
 22196 | Lair:5   | Reached skill level 13 in Dodging
 22380 | Lair:5   | Found a staircase to the Slime Pits.
 22531 | Lair:5   | Learned a level 5 spell: Silence
 24384 | D:12     | Noticed Nessos
 24391 | D:12     | Killed Nessos
 24773 | D:12     | Found a staircase to the Orcish Mines.
 24947 | Orc:1    | Entered Level 1 of the Orcish Mines
 24947 | Orc:1    | Noticed Fannar
 24955 | Orc:1    | Killed Fannar
 25055 | Orc:1    | Found Heama's Antique Armour Boutique.
 25653 | Orc:2    | Entered Level 2 of the Orcish Mines
 25723 | Orc:2    | Found a staircase to the Elven Halls.
 25729 | Orc:2    | Found Zaas Ven's Weapon Emporium.
 25895 | Orc:1    | Found Gunn's Distillery.
 25906 | Orc:1    | Bought a potion of curing for 45 gold pieces
 25906 | Orc:1    | Bought a potion of heal wounds for 75 gold pieces
 25906 | Orc:1    | Bought a potion of resistance for 150 gold pieces
 26084 | Orc:2    | Found a radiant altar of Vehumet.
 26123 | Orc:2    | Reached skill level 14 in Dodging
 26291 | Orc:2    | Found Hihydgh's Antique Armour Boutique.
 26965 | Orc:2    | Reached skill level 5 in Air Magic
 26965 | Orc:2    | Reached XP level 15. HP: 75/75 MP: 26/29
 27169 | Orc:2    | Found Qim Govu's General Store.
 27263 | Orc:2    | Found Myn Usuf's Antique Weapon Shoppe.
 27267 | Orc:2    | Bought a scroll of identify for 34 gold pieces
 27267 | Orc:2    | Bought a scroll of identify for 34 gold pieces
 27271 | Orc:2    | Bought a bloodstained falchion for 184 gold pieces
 27271 | Orc:2    | Identified the +3 falchion "Umanoas" {flame, Int+3} (You
                  | bought it in a shop on level 2 of the Orcish Mines)
 27271 | Orc:2    | Found Eskagga's Weapon Shoppe.
 27711 | D:12     | Noticed Azrael
 27726 | D:12     | Killed Azrael
 28168 | D:12     | Found an ornate altar of the Wu Jian Council.
 28367 | D:13     | You fall into a shaft and drop 2 floors!
 28367 | D:15     | Entered Level 15 of the Dungeon
 28698 | D:15     | Reached skill level 15 in Dodging
 28819 | D:15     | Noticed Roxanne
 29839 | D:15     | Found a staircase to the Depths.
 30943 | D:14     | Found Xuaph's Book Emporium.
 30949 | D:14     | Bought a Fen Folio for 462 gold pieces
 31536 | D:13     | Found a gate to the Vaults.
 31556 | D:13     | Reached skill level 16 in Dodging
 31628 | D:13     | Found a runed translucent door.
 31752 | D:13     | Noticed a fire giant
 31756 | D:13     | Killed a fire giant
 31757 | D:13     | Reached skill level 10 in Spellcasting
 32242 | D:14     | Learned a level 6 spell: Eringya's Noxious Bog
 32338 | D:14     | Reached skill level 15 in Hexes
 32991 | Spider:1 | Entered Level 1 of the Spider Nest
 33082 | Spider:1 | Noticed an emperor scorpion
 33129 | Spider:1 | Killed an emperor scorpion
 33160 | Spider:1 | Noticed Frances
 33176 | Spider:1 | Killed Frances
 33411 | Spider:1 | Reached XP level 16. HP: 81/81 MP: 28/31
 37197 | Spider:3 | Found a frozen archway.
 37278 | IceCv    | Entered an ice cave
 37399 | IceCv    | Reached skill level 15 in Short Blades
 38625 | IceCv    | Identified the amulet of Wuofiadgh {Spirit rElec rPois
                  | Dex+4 Slay+2}
 38630 | IceCv    | Identified the ring "Ufuuz" {rElec rCorr}
 39254 | Spider:3 | Reached XP level 17. HP: 86/86 MP: 32/34
 39281 | Spider:3 | Noticed Arachne
 39287 | Spider:3 | Killed Arachne
 39791 | Spider:3 | Noticed Agnes
 39794 | Spider:3 | Killed Agnes
 40668 | Spider:4 | Entered Level 4 of the Spider Nest
 41114 | Spider:4 | Learned a level 8 spell: Discord
 41138 | Spider:4 | Noticed Mlioglotl
 41155 | Spider:4 | Killed Mlioglotl
 42913 | Spider:4 | Got a gossamer rune of Zot
 43222 | Shoals:1 | Entered Level 1 of the Shoals
 43976 | Shoals:1 | Noticed Jorgrun
 43982 | Shoals:1 | Killed Jorgrun
 44066 | Shoals:1 | Reached XP level 18. HP: 92/92 MP: 30/37
 44244 | Shoals:1 | Identified the ring of Quhaxt {Fire rPois Str+3 Int+3}
 45136 | Shoals:2 | Learned a level 4 spell: Petrify
 45615 | Shoals:3 | Noticed Polyphemus
 45615 | Shoals:3 | Noticed Mara
 45670 | Shoals:3 | Noticed Ilsuiw
 45685 | Shoals:3 | Killed Ilsuiw
 46319 | Shoals:3 | Reached skill level 15 in Spellcasting
 46334 | Shoals:3 | Killed Polyphemus
 46791 | Shoals:3 | Noticed Solx's illusion
 46798 | Shoals:3 | Killed Mara
 47348 | Shoals:4 | Entered Level 4 of the Shoals
 47664 | Shoals:4 | Found Toanem's General Store.
 47769 | Shoals:4 | Found a runed translucent door.
 47773 | Shoals:4 | Found a corrupted altar of Lugonu.
 47775 | Shoals:4 | Found a one-way gate to the infinite horrors of the Abyss.
 48081 | Shoals:4 | Got the Reference Book on Vapourous Bodies
 48090 | Shoals:4 | Learned a level 4 spell: Anguish
 48109 | Shoals:4 | Bought a box of beasts for 640 gold pieces
 48144 | Shoals:4 | Found a large runed translucent door.
 48144 | Shoals:4 | Found a large runed translucent door.
 48148 | Shoals:4 | Noticed Konar's ghost (adept VSFi)
 48956 | Shoals:4 | Reached skill level 5 in Invocations
 49010 | Shoals:4 | Reached XP level 19. HP: 96/96 MP: 31/39
 49026 | Shoals:4 | Got a barnacled rune of Zot
 49423 | Elf:1    | Entered Level 1 of the Elven Halls
 49519 | Elf:1    | Identified the +1 leather armour "Xexuonwi" {Rampage Str+3}
 50565 | Elf:2    | Found a runed translucent gate.
 50565 | Elf:2    | Found a runed translucent gate.
 50567 | Elf:2    | Found a runed translucent gate.
 50797 | Elf:2    | Reached skill level 17 in Dodging
 51126 | Elf:2    | Reached skill level 10 in Evocations
 51251 | Elf:2    | Found Zimutz's Magic Scroll Shop.
 51263 | Elf:2    | Paralysed by an air elemental for 1 turns
 51322 | Elf:2    | Bought a scroll of identify for 28 gold pieces
 51322 | Elf:2    | Bought a scroll of identify for 28 gold pieces
 51337 | Elf:2    | Bought 2 scrolls of fear for 112 gold pieces
 51337 | Elf:2    | Bought 3 scrolls of teleportation for 126 gold pieces
 51692 | Elf:3    | Entered Level 3 of the Elven Halls
 51798 | Elf:3    | Paralysed by an air elemental for 1 turns
 51834 | Elf:3    | Paralysed by an air elemental for 1 turns
 51990 | Elf:3    | Noticed Zenata
 52001 | Elf:3    | Killed Zenata
 53355 | Elf:3    | Identified the amulet of Jealousy {Reflect Int+2 SH+5}
 53360 | Elf:3    | Identified the ring "Wiyl" {Fly Int+6}
 53486 | Elf:3    | Identified the staff of Ysyituo {Str+7 Dex-3 Conj Ice Air}
 53598 | Elf:3    | Identified the ring of Boxzodit {rPois rN+ Will- Str+2
                  | Dex+6}
 53609 | Elf:3    | Reached skill level 18 in Dodging
 53839 | Elf:3    | Identified the +1 plate armour "Trusted Companion" {Dex+7}
                  | (You took it off a deep elf high priest on level 3 of the
                  | Elven Halls)
 53850 | Elf:3    | Identified the staff of Citoklo {rElec Will+ Air} (You took
                  | it off a deep elf demonologist on level 3 of the Elven
                  | Halls)
 53879 | Elf:3    | Got the Catalogue of Power
 53884 | Elf:3    | Got Viwkeic's Compilation of Causimancy
 53917 | Elf:3    | Identified the staff of the Establishment {rPois Dex+2
                  | Alchemy}
 53919 | Elf:3    | Identified the staff of Oduitaadwy {rPois Will+ Alchemy}
 53923 | Elf:3    | Identified the serpent talisman of Giasch Kirimm {Str+3
                  | Dex+5}
 53998 | Elf:3    | Got the Compendium of the Damaging Traveller
 54202 | Vaults:1 | Entered Level 1 of the Vaults
 54308 | Vaults:1 | Reached XP level 20. HP: 102/102 MP: 27/41
 54805 | Vaults:1 | Reached skill level 10 in Fighting
 55463 | Vaults:1 | Reached skill level 19 in Dodging
 55682 | Vaults:1 | Found Keklasm's Armour Shop.
 56002 | Vaults:2 | Noticed Saint Roka
 56017 | Vaults:2 | Killed Saint Roka
 57247 | Vaults:2 | Reached skill level 20 in Dodging
 57535 | Vaults:2 | Found a staircase to the Crypt.
 57554 | Vaults:2 | Noticed Nikola
 57558 | Vaults:2 | Killed Nikola
 58483 | Vaults:3 | Reached XP level 21. HP: 110/110 MP: 34/42
 58679 | Vaults:3 | You fall into a shaft and drop 1 floor!
 58802 | Vaults:4 | Reached skill level 21 in Dodging
 58962 | Vaults:4 | Found a flickering gateway to a bazaar.
 58975 | Bazaar   | Entered a bazaar
 58975 | Bazaar   | Found Iclettuv's Magic Scroll Shoppe.
 58975 | Bazaar   | Found Usiem's Antique Armour Shoppe.
 59086 | Bazaar   | Bought a scroll of enchant weapon for 90 gold pieces
 59110 | Bazaar   | Found Menircha's Jewellery Emporium.
 59120 | Bazaar   | Found Ebbuimem's Antique Weapon Emporium.
 59128 | Bazaar   | Bought a glowing rapier for 119 gold pieces
 59136 | Bazaar   | Found Yjelemo's General Store.
 59184 | Bazaar   | Bought a scroll of vulnerability for 48 gold pieces
 59820 | Vaults:3 | Identified the amulet "Rubigoogof" {Reflect rCorr SH+5 SInv
                  | Stlth+}
 60151 | Vaults:3 | Found a large runed translucent door.
 60152 | Vaults:3 | Found a large runed translucent door.
 60154 | Vaults:3 | Noticed Adap Gie's ghost (adept NaWn)
 61695 | Vaults:4 | Paralysed by a formless jellyfish for 1 turns
 61698 | Vaults:4 | Reached skill level 10 in Invocations
 61699 | Vaults:4 | Gained mutation: You sometimes lose your temper in combat.
                  | [you]
 61958 | Vaults:5 | Entered Level 5 of the Vaults
 61962 | Vaults:5 | Noticed a golden dragon
 61963 | Vaults:5 | Reached skill level 22 in Dodging
 61963 | Vaults:5 | Identified the orb of Dorrafe {*channel, Int+5}
 61963 | Vaults:5 | Noticed Frederick
 62235 | Vaults:4 | Killed Frederick
 62544 | Vaults:5 | Noticed a golden dragon
 62545 | Vaults:5 | Killed a golden dragon
 62546 | Vaults:5 | Reached XP level 22. HP: 120/120 MP: 23/43
 62935 | Vaults:5 | Noticed an ancient lich
 62972 | Vaults:5 | Got a silver rune of Zot
 63016 | Vaults:5 | Killed an ancient lich
 63024 | Vaults:5 | Identified the +4 scale mail of Geun Jou {rPois}
 63083 | Vaults:5 | Identified the ring of Jealousy {AC+4 Dex+4}
 63138 | Vaults:5 | Killed a golden dragon
 63358 | Vaults:5 | Identified the +6 rapier of the Final Beasts {chaos, Str+3}
 63555 | Vaults:5 | Noticed a golden dragon
 63571 | Vaults:5 | Killed a golden dragon
 63652 | Vaults:5 | Lost mutation: You sometimes lose your temper in combat.
                  | [potion of mutation]
 63652 | Vaults:5 | Gained mutation: You are somewhat resistant to further
                  | mutation. [potion of mutation]
 63952 | Vaults:5 | Identified the +0 hand axe "Embalmer" {drain, Fly rF+ Str-3
                  | Int+5}
 64710 | Vaults:5 | Got the Lessons on Moving Malediction
 64817 | Vaults:5 | Reached skill level 15 in Evocations
 65322 | Depths:1 | Entered Level 1 of the Depths
 65322 | Depths:1 | Found a runed translucent door.
 65522 | Depths:1 | Killed the Enchantress
 65545 | Depths:1 | Found the +6 faerie dragon scales {rElec rPois rC+ rCorr
                  | Int+2}
 65745 | Depths:1 | Noticed Bai Suzhen
 65758 | Depths:1 | Killed Bai Suzhen
 66018 | Depths:1 | Found a gateway to Hell.
 66348 | Depths:1 | Found a broken altar of Ashenzari.
 66404 | Depths:1 | Reached skill level 1 in Armour
 67301 | Depths:2 | Reached XP level 23. HP: 123/124 MP: 35/44
 68193 | Depths:2 | Found a shimmering blue altar of Sif Muna.
 68197 | Depths:2 | Found a transporter.
 68197 | Depths:2 | Identified the amulet "Cif Kior" {rElec Regen+ Str+5 Dex-3}
 68491 | Depths:2 | Found a one-way gate leading to the halls of Pandemonium.
 69170 | Depths:3 | Reached skill level 10 in Air Magic
 69203 | Depths:3 | Identified the amulet "Foxieqip" {Acrobat rF+ Str+3 Int+2}
 69597 | Depths:3 | Found a one-way gateway to a ziggurat.
 69889 | Depths:3 | Learned a level 4 spell: Dispel Undead
 69920 | Depths:3 | Reached skill level 1 in Necromancy
 70768 | Depths:3 | Identified the +3 falchion of Cheibriados, Dancing {heavy,
                  | rF+ Will+}
 70768 | Depths:3 | Identified the ring of Cowardice {*Slow Will++ Str+6}
 70770 | Depths:3 | Reached skill level 5 in Necromancy
 71499 | Depths:4 | Entered Level 4 of the Depths
 72103 | Depths:4 | Found a gate to the Realm of Zot.
 72730 | Depths:4 | Found a runed translucent gate.
 72730 | Depths:4 | Noticed Ohifu Siggabb's ghost (veteran MfIE)
 72731 | Depths:4 | Found a runed translucent gate.
 72731 | Depths:4 | Found a runed translucent gate.
 72732 | Depths:4 | Noticed Zacsag's ghost (veteran DgCj)
 72732 | Depths:4 | Noticed Deaqeck's ghost (veteran DgCj)
 72732 | Depths:4 | Noticed Tixis's ghost (veteran DEEE)
 72898 | Zot:1    | Entered Level 1 of the Realm of Zot
 72917 | Zot:1    | Reached XP level 24. HP: 117/129 MP: 26/44
 73156 | Zot:1    | Found a transporter.
 73342 | Zot:1    | Found a transporter.
 73801 | Zot:2    | Reached skill level 5 in Armour
 74392 | Zot:2    | Reached skill level 10 in Necromancy
 75772 | Zot:2    | Learned a level 2 spell: Lesser Beckoning
 76712 | Zot:3    | You fall into a shaft and drop 1 floor!
 76855 | Zot:3    | Found a shimmering altar of Xom.
 76864 | Zot:3    | Reached XP level 25. HP: 133/133 MP: 37/44
 76980 | Zot:3    | Got the Compendium of the Zealot
 77103 | Zot:3    | Reached skill level 23 in Dodging
 78279 | Zot:5    | Entered Level 5 of the Realm of Zot
 78997 | Zot:5    | Reached skill level 24 in Dodging
 79167 | Zot:5    | Noticed a Killer Klown
 79167 | Zot:5    | Noticed a Killer Klown
 79176 | Zot:5    | Killed a Killer Klown
 79184 | Zot:5    | Killed a Killer Klown
 79193 | Zot:5    | Killed a Killer Klown
 79333 | Zot:5    | Noticed an ancient lich
 79338 | Zot:5    | Killed an ancient lich
 79338 | Zot:5    | Noticed an orb of fire
 79508 | Zot:5    | Noticed an orb of fire
 79548 | Zot:5    | Noticed a Killer Klown
 79562 | Zot:5    | Noticed a Killer Klown
 79562 | Zot:5    | Noticed an orb of fire
 79573 | Zot:5    | Killed an ancient lich
 79573 | Zot:5    | Noticed an ancient lich
 79578 | Zot:5    | Noticed a dread lich
 79579 | Zot:5    | Killed a Killer Klown
 79820 | Zot:5    | Noticed a dread lich
 79822 | Zot:5    | Noticed a dread lich
 79856 | Zot:5    | Killed a dread lich
 79979 | Zot:5    | Killed a dread lich
 80284 | Zot:5    | Killed an orb of fire
 80285 | Zot:5    | Reached skill level 15 in Fighting
 80678 | Zot:5    | Got the Orb of Zot
 80926 | Depths:1 | Noticed Worodghol the pandemonium lord
 81072 | D:10     | Noticed Munamim the pandemonium lord
 81304 | D:$      | Escaped with the Orb!

Illustrated notes

Levels and vault maps discovered:
D:1:      tekkud_arrival_beachfront_property, layout_basic,
          shapermc_ecumenical_altar_venn
D:2:      cheibrodos_greedy_goblins, layout_loops_cross, serial_glass,
          glass_columns_a, glass_columns_a, glass_columns_b, glass_columns_a,
          glass_columns_b, glass_columns_c, glass_columns_b, glass_columns_a,
          due_unseen_surprise
D:3:      layout_rooms, mainiacjoe_overflow_tiny_flanked, serial_undead,
          serial_undead_c, serial_undead_a, serial_undead_a, serial_undead_b,
          kennysheep_cross_bottleneck
D:4:      layout_gridville, hellmonk_ghost_happy_afterlife
D:5:      layout_rooms
D:6:      layout_rooms, minmay_temple_entry_wispy, enter_ossuary_4
D:7:      layout_cave_pools, serial_glass, glass_columns_a, glass_columns_a,
          minmay_quadrilaterals
D:8:      layout_basic, mainiacjoe_overflow_big_doors, erik_lair_island,
          dreamdust_mushroom_princess, dilly_guarded_unrand_morg, uniq_grum
D:9:      gammafunk_boulding_lane, layout_gridville,
          mainiacjoe_overflow_alcove_1, mainiacjoe_overflow_cross_hatched,
          hangedman_decor_growths, roderic_filled_cross, minmay_misc_feat_plants
D:10:     layout_stronghold, amcnicky_altar_gilded, gammafunk_ghost_icy,
          minmay_misc_feat_room, minmay_misc_feat_enclosed
D:11:     layout_roguey, uniq_maurice, uniq_josephine
D:12:     layout_rooms, orc_0_dummy, serial_ice, serial_ice_k, serial_ice_m,
          serial_ice_h, serial_ice_n, nzn_wu_jian_council_hall, uniq_nessos,
          uniq_azrael
D:13:     layout_loops_ring, hellmonk_vaults_order_and_chaos, minivault_13
D:14:     layout_small_grid, serial_library_hellmonk_big_corner, serial_shops,
          nicolae_shop_back_alley_shop
D:15:     gammafunk_enter_depths_forms, layout_basic, uniq_roxanne
Temple:   kb_temple_of_zot
Lair:1:   beast_lair_carwin_large_4, layout_regular_city
Lair:2:   layout_hall_layers, hangedman_lair_generics_rect
Lair:3:   layout_gridlike, minmay_shoals_entry_beasts,
          hellmonk_spider_entry_not_the_bees, st_stairs_6, ldierk_geyser,
          serial_bayou_lagoon_b, uniq_amaemon
Lair:4:   layout_regular_city, gauntlet_entry_generic, kennysheep_rathole,
          grunt_megastairs_2, serial_bayou_shore_b, infiniplex_staircase_pool
Lair:5:   evilmike_catoblepas_cave, layout_misc_corridors,
          nicolae_slime_entry_slimehenge
Shoals:1: layout_shoals, uniq_jorgrun
Shoals:2: nzn_motion_control, layout_shoals
Shoals:3: nicolae_shoals_island_circles, layout_shoals, uniq_polyphemus,
          uniq_mara, uniq_ilsuiw
Shoals:4: shoals_end_simple, layout_shoals, ebering_ghost_disaster_area,
          serial_shops, nicolae_shop_waterfront,
          nicolae_shoals_abyss_on_the_beach
Spider:1: layout_spider_delve, nicolae_spider_solar_radiation, uniq_frances
Spider:2: layout_chambers, hangedman_spider_tarantella_strand
Spider:3: layout_spider_delve, portal_ice_cave_entry_ice_simulacra, uniq_agnes,
          uniq_arachne
Spider:4: grunt_spider_rune_parallel, uniq_mlioglotl
Orc:1:    layout_caves, serial_shops, nicolae_shop_trees, shop,
          einodemon_armed_red_devil_minivault, uniq_fannar
Orc:2:    st_orc_elflike, layout_caves, serial_shops, shop, basic_altar,
          regret_index_minedec_guest_junction
Elf:1:    eino_elf_arrival_the_gate, layout_geoelf_octagon,
          nicolae_elf_shapeshifter_party, nrook_mini_backslash,
          minmay_strange_pillars
Elf:2:    nicolae_elf_blades_splatter_lattice [nicolae_blade_entry_antechamber],
          layout_onion_city, serial_shops, shop
Elf:3:    minmay_elf_hall_not_hex, layout_loops_ring, uniq_zenata
Vaults:1: nicolae_vaults_little_squares_5, minmay_orc_keep,
          hangedman_vaults_hat, vaults_room_large_hall, v_alt_pattern_3,
          vaults_mumra_chevron_long, nicolae_vaults_tetromino_Z_2,
          nicolae_vaults_little_squares_5,
          nicolae_vaults_windows_and_doors_thing,
          nicolae_vaults_taking_the_gang_shopping, dpeg_vaults_monster_box,
          layout_vaults_ring
Vaults:2: vaults_mumra_lcd, nicolae_vaults_circle_grid_a,
          nicolae_vaults_trapezoid_4, vaults_room_hallway,
          nicolae_vaults_closet_pinwheel_6, nicolae_vaults_storage_room_statues,
          nicolae_vaults_offset_grid_hallway_1, nicolae_vaults_sesquioval_fish,
          nicolae_vaults_stepped_doors, grunt_vaults_focal,
          vaults_standard_mumra_x, nicolae_vaults_door_testing_chamber,
          minmay_crypt_entry_simple_plaza, grunt_vaults_funnel,
          layout_vaults_big_cross, uniq_saint_roka, uniq_nikola
Vaults:3: ebering_ghost_disaster_area, vaults_room_hangedman_quadrants,
          vaults_dpeg_spiral, v_pattern_5, v_misc_30, v_alt_pattern_1,
          nicolae_vaults_layer_cake_slice, vaults_room_corners,
          vaults_mumra_minichess_inversion, grunt_vaults_hallway_short,
          nicolae_vaults_wine_cellar, vaults_dpeg_emergency_exit,
          layout_vaults_omnigrid
Vaults:4: vaults_dpeg_hooks, nicolae_vaults_tetromino_Z_1, v_rooms_3, v_misc_24,
          v_pattern_2, v_rooms_4, ontoclasm_vaults_loading_screen,
          nicolae_vaults_asterisk, v_alt_pattern_3,
          nicolae_vaults_sightless_eye, nicolae_vaults_variable_pillar_hall,
          grunt_vaults_hallway_short, nicolae_vaults_little_squares_4,
          nicolae_vaults_diamond_1, nicolae_vaults_trapezoid_2,
          layout_vaults_omnibox, serial_shops, bzr_entry_gold
Vaults:5: uniq_frederick
Depths:1: layout_cave_shapes, evilmike_ruin_ashenzari, grunt_hell_entry_dis_mu,
          serial_bayou_ford_a, lightli_giant_bouncers, uniq_bai_suzhen,
          uniq_enchantress
Depths:2: gammafunk_sealed_library, layout_basic, grunt_decor_junction,
          grunt_pan_entry_zigzag, pf_vacation_house_of_asmodeus,
          lemuel_another_geyser
Depths:3: hellmonk_hyper_hexagons [hex_subvault_dug_out,
          hex_subvault_small_grid, hex_subvault_big_grid,
          hex_subvault_crossings, hex_subvault_filled, hex_subvault_village],
          pan_entry, hell_entry, abyss_entry
Depths:4: grunt_zot_entry_funnels, layout_cross, bh_walls_and_bars, hell_entry,
          gammafunk_ghost_cemetery, minmay_room_of_horrors
Zot:1:    gammafunk_sealed_arena, layout_onion_interference
Zot:2:    layout_onion_interference, uniq_josephina, uniq_grunn
Zot:3:    nicolae_zot_draconian_monastery, layout_twisted_circle,
          hangedman_swamp_dais
Zot:4:    grunt_twist_and_shout, layout_onion_interference,
          hangedman_zot_diagonal_lockstep
Zot:5:    layout_twisted_circle

Skill      XL: |  1  2  3  4  5  6  7  8  9 10 11 12 13 14 15 16 17 18 19 20 21 22 23 24 25 |
---------------+----------------------------------------------------------------------------+-----
Spellcasting   | 3 4 5 8 9 10 12 14 15 16 17 | 17.4
Hexes          | 4 5 6 7 10 12 13 15 18 20 21 22 | 22.0
Short Blades   | 2 3 5 6 8 10 12 14 15 16 18 | 18.0
Fighting       | 1 2 3 4 5 7 8 9 11 14 15 | 15.1
Translocations | 1 2 3 4 |  4.0
Alchemy        | 1 3 6 8 9 10 11 14 | 14.0
Evocations     | 4 7 8 12 15 16 19 | 19.2
Dodging        | 5 8 11 12 14 16 18 20 22 24 | 24.0
Shields        | 1 4 5 6 |  6.0
Invocations    | 2 5 7 10 | 10.5
Stealth        | 5 6 8 |  8.2
Air Magic      | 1 5 8 11 | 11.4
Armour         | 1 4 6 |  6.0
Necromancy     | 8 14 | 14.0

Action                     |  1- 3 |  4- 6 |  7- 9 | 10-12 | 13-15 | 16-18 | 19-21 | 22-24 | 25-27 || total
---------------------------+-------+-------+-------+-------+-------+-------+-------+-------+-------++-------
  Melee: Dagger            |    89 |       |    35 |     3 |       |       |       |       |       ||   127
         Punch             |     1 |     1 |       |     2 |       |       |       |       |       ||     4
         Short sword       |    48 |   229 |   214 |   483 |   138 |       |       |       |       ||  1112
         Rapier            |       |       |       |       |   616 |   699 |   317 |   727 |   373 ||  2732
  Throw: Dart              |       |       |     2 |       |     1 |     1 |       |       |       ||     4
         Boomerang         |       |       |       |     3 |     3 |    20 |     1 |       |       ||    27
   Cast: Ensorcelled Hiber |       |       |    26 |    39 |   105 |   182 |   114 |   114 |    12 ||   592
         Confusing Touch   |       |       |     2 |    30 |    28 |    40 |    17 |    77 |    33 ||   227
         Tukima's Dance    |       |       |     1 |     7 |    20 |     2 |     2 |     1 |       ||    33
         Olgreb's Toxic Ra |       |       |    12 |    93 |   137 |    86 |     4 |       |       ||   332
         Yara's Violent Un |       |       |       |       |     2 |    11 |    45 |    42 |     8 ||   108
         Eringya's Noxious |       |       |       |       |     1 |    23 |     2 |       |       ||    26
         Discord           |       |       |       |       |       |    12 |    69 |   100 |    18 ||   199
         Petrify           |       |       |       |       |       |    13 |     3 |     2 |       ||    18
         Dispel Undead     |       |       |       |       |       |       |       |     3 |    10 ||    13
         Lesser Beckoning  |       |       |       |       |       |       |       |       |     4 ||     4
         Apportation       |       |       |       |       |       |       |       |       |     1 ||     1
  Evoke: Wand              |       |       |       |     1 |     4 |    38 |     2 |     5 |     1 ||    51
         Phantom mirror    |       |       |       |       |       |     1 |     2 |       |     1 ||     4
         Box of beasts     |       |       |       |       |       |       |     2 |     1 |     1 ||     4
         Phial of floods   |       |       |       |       |       |       |     2 |       |       ||     2
         Lightning rod     |       |       |       |       |       |       |     2 |       |     2 ||     4
         Condenser vane    |       |       |       |       |       |       |     1 |     1 |       ||     2
    Use: Scroll            |       |     7 |     1 |    10 |    13 |     9 |     8 |     9 |     2 ||    59
         Potion            |       |       |     1 |     2 |     6 |     1 |     2 |     3 |     8 ||    23
   Stab: Sleeping          |    13 |     8 |    22 |    25 |    97 |   194 |   118 |    86 |    13 ||   576
         Confused          |       |       |     2 |    33 |    33 |    36 |    19 |   119 |    54 ||   296
         Invisible         |       |       |       |       |     3 |       |       |       |       ||     3
         Distracted        |       |       |       |       |     4 |     4 |     7 |    20 |     1 ||    36
         Paralysed         |       |       |       |       |     1 |     1 |       |       |       ||     2
         Held in net/web   |       |       |       |       |       |     1 |       |       |       ||     1
         Petrified         |       |       |       |       |       |    11 |     2 |     1 |       ||    14
         Petrifying        |       |       |       |       |       |     1 |     2 |     3 |       ||     6
 Armour: Robe              |    27 |    47 |    77 |   105 |   182 |   167 |    69 |    27 |       ||   701
         Acid dragon scale |       |       |       |       |       |       |       |    98 |    78 ||   176
  Dodge: Dodged            |    99 |   120 |   160 |   239 |   620 |   735 |   180 |   499 |   258 ||  2910
         Repelled          |       |       |       |       |     8 |     6 |     3 |     7 |     7 ||    31
  Block: Other             |       |       |    15 |    19 |       |       |       |       |       ||    34
         Buckler           |       |       |       |    84 |   146 |     4 |       |       |       ||   234
         Reflection        |       |       |       |     2 |     1 |       |       |       |       ||     3

Table legend: (Time is in decaauts)
 A = Elapsed time spent in this place.
 B = Non-inter-level travel time spent in this place.
 C = Inter-level travel time spent in this place.
 D = Time resting spent in this place.
 E = Time spent auto-exploring this place.
 F = Levels seen in this place.
 G = Mean time per level.
                   A        B        C        D        E       F      G
               +--------+--------+--------+--------+--------+-----+--------+
         Total |  61575 |  59136 |   2439 |  23142 |  10624 |  52 | 1184.1 |
       Dungeon |  14876 |  13937 |    939 |   5060 |   3253 |  15 |  991.7 |
        Temple |     52 |     18 |     34 |      0 |      0 |   1 |   52.0 |
          Lair |   8045 |   7822 |    223 |   3371 |   1138 |   5 | 1609.0 |
        Shoals |   4936 |   4578 |    358 |   1907 |    154 |   4 | 1234.0 |
   Spider Nest |   6565 |   6395 |    170 |   2691 |   1247 |   4 | 1641.2 |
  Orcish Mines |   1779 |   1720 |     59 |    549 |    333 |   2 |  889.5 |
   Elven Halls |   3499 |   3354 |    145 |   1278 |    640 |   3 | 1166.3 |
        Vaults |   8114 |   7831 |    283 |   2996 |   1815 |   5 | 1622.8 |
        Depths |   5549 |   5418 |    131 |   1783 |   1454 |   4 | 1387.2 |
           Zot |   5933 |   5841 |     92 |   2712 |    564 |   5 | 1186.6 |
        Bazaar |    170 |    170 |      0 |     98 |      0 |   1 |  170.0 |
       Ossuary |    305 |    305 |      0 |      0 |      7 |   1 |  305.0 |
      Ice Cave |   1179 |   1179 |      0 |    474 |     16 |   1 | 1179.0 |
      Gauntlet |    566 |    566 |      0 |    218 |      0 |   1 |  566.0 |
               +--------+--------+--------+--------+--------+-----+--------+

Top non-repeatable levels by time:
    D:15: 2051 daAuts
Vaults:4: 2029 daAuts
  Lair:5: 1974 daAuts
Spider:4: 1951 daAuts
  Lair:3: 1791 daAuts
Depths:3: 1761 daAuts
  Lair:2: 1758 daAuts
   Zot:5: 1755 daAuts
     D:8: 1731 daAuts
Vaults:2: 1714 daAuts
Vaults:5: 1704 daAuts
Spider:2: 1614 daAuts
   Zot:2: 1552 daAuts
Spider:1: 1503 daAuts
Spider:3: 1496 daAuts
